 Dungeon Crawl Stone Soup version 0.18-a0-1800-gdc7a371 (webtiles) character file.

46120 varam the Unseen (level 14, -4/74 HPs)
             Began as a Spriggan Enchanter on Apr 24, 2016.
             Was a High Priest of Kikubaaqudgha.
             Killed from afar by Josephine (31 damage)
             ... with a ghostly fireball
             ... on level 6 of the Lair of Beasts.
             The game lasted 02:04:12 (21667 turns).

varam the Unseen (Spriggan Enchanter)              Turns: 21667, Time: 02:04:13

Health: -4/74      AC:  6    Str:  4    XL:     14   Next: 3%
Magic:  32/35      EV: 35    Int: 21    God:    Kikubaaqudgha [*****.]
Gold:   1237       SH:  0    Dex: 22    Spells: 4 memorised, 17 levels left

rFire  . . .     SeeInvis +     M - +4 dagger (chaos)
rCold  + . .     Gourm    .     b - +1 robe
rNeg   . . .     Faith    .     (shield restricted)
rPois  .         Spirit   .     C - +3 hat of Pondering {ponderous, MR+ MP+10 Int+5}
rElec  .         Dismiss  .     (no cloak)
rCorr  .         Reflect  .     (gloves unavailable)
SustAt .         Harm     .     (boots unavailable)
MR     +++..                    H - amulet of rage
Stlth  ++++++++..               J - +1 ring of evasion
                                y - ring of protection from cold

@: drained, very quick, extremely resistant to hostile enchantments,
extraordinarily stealthy
A: unfitting armour, see invisible, herbivore 3, speed 3, slow metabolism 2
a: Receive Corpses, Torment, Renounce Religion, Evoke Berserk Rage


You were on level 6 of the Lair of Beasts.
You worshipped Kikubaaqudgha.
Kikubaaqudgha was extremely pleased with you.
You were not hungry.

You visited 3 branches of the dungeon, and saw 20 of its levels.
You also visited: Labyrinth, Ossuary and Ice Cave.

You collected 1237 gold pieces.

Inventory:

Hand Weapons
 a - the +0 blowgun "Caentuak" {speed, Int+3 Stlth+}
   (You found it on level 4 of the Dungeon)

   Attacks with this weapon are significantly faster.
   It affects your intelligence (+3).
   It makes you more stealthy.
 F - a +2 dagger of freezing
 M - a +4 dagger of chaos (weapon)
 R - a +2 hunting sling of flaming
Missiles
 z - 91 sling bullets
 Q - 22 poisoned needles
Armour
 b - a +1 robe (worn)
 C - the +3 hat of Pondering (worn) {ponderous, MR+ MP+10 Int+5}
   (You found it on level 6 of the Dungeon)

   It affects your intelligence (+5).
   It affects your resistance to hostile enchantments.
   It affects your magic capacity (+10).
Rods
 X - a +4 rod of ignition (11/11)
   (You took it off a minotaur in a labyrinth)
Jewellery
 j - an uncursed ring of poison resistance
 y - a ring of protection from cold (left hand)
 H - an amulet of rage (around neck)
 J - a +1 ring of evasion (right hand)
Wands
 c - a wand of iceblast (6/15)
 m - a wand of paralysis (6/24)
 s - a wand of iceblast (1/15)
 E - a wand of confusion (25/48)
 L - a wand of enslavement (16/24)
 N - a wand of disintegration (0/24)
 U - a wand of polymorph (13/24)
 Z - a wand of lightning (10/15)
Scrolls
 i - a scroll of summoning
 k - 4 scrolls of magic mapping
 l - 13 scrolls of remove curse
 n - 3 scrolls of amnesia {unknown}
 o - 11 scrolls of teleportation
 q - a scroll of random uselessness {unknown}
 r - 7 scrolls of fog
 x - 2 scrolls of noise
 A - 10 scrolls of identify
 D - a scroll of enchant weapon
 G - a scroll of fear {unknown}
 P - a scroll of torment {unknown}
Potions
 e - 3 potions of curing
 f - a potion of haste
 g - 2 potions of flight
 h - 2 potions of resistance
 p - 2 potions of cancellation {unknown}
 t - a potion of mutation {unknown}
 v - a potion of degeneration {unknown}
 w - a potion of heal wounds {unknown}
 K - a potion of might {unknown}
 T - a potion of lignification {unknown}
Books
 I - Kikubaaqudgha's Papyrus of Sinister Magic
   (Kikubaaqudgha gifted it to you on level 6 of the Dungeon)

   Spells                             Type                      Level
   a - Animate Skeleton               Necromancy                   1
   b - Corpse Rot                     Necromancy                   2
   c - Sublimation of Blood           Necromancy                   2
   d - Regeneration                   Charms/Necromancy            3
   e - Control Undead                 Necromancy                   4
 O - Kikubaaqudgha's Papyrus of Black Rituals
   (Kikubaaqudgha gifted it to you on level 10 of the Dungeon)

   Spells                             Type                      Level
   a - Excruciating Wounds            Charms/Necromancy            5
   b - Bolt of Draining               Conjuration/Necromancy       5
   c - Cigotuvi's Embrace             Necromancy                   5
   d - Dispel Undead                  Necromancy                   5
   e - Death Channel                  Necromancy                   6
 S - a book of Ice

   Spells                             Type                      Level
   a - Ice Form                       Ice/Transmutation            4
   b - Metabolic Englaciation         Hexes/Ice                    5
   c - Ozocubu's Refrigeration        Ice                          6
   d - Bolt of Cold                   Conjuration/Ice              6
   e - Freezing Cloud                 Conjuration/Ice/Air          6
   f - Simulacrum                     Ice/Necromancy               6
Miscellaneous
 B - a box of beasts
Comestibles
 d - 4 bread rations
 u - 17 fruits


   Skills:
 * Level 8.7(8.3) Fighting
 - Level 10.9(10.5) Short Blades
 - Level 15.9(15.5) Dodging
 + Level 18.0(17.6) Stealth
 - Level 6.8(6.5) Spellcasting
 - Level 10.4(10.1) Hexes
 + Level 5.1(4.8) Necromancy


You had 17 spell levels left.
You knew the following spells:

 Your Spells              Type           Power        Failure   Level  Hunger
a - Ensorcelled Hibernat  Hex/Ice        ####..       1%          2    None
b - Corona                Hex            #####..      1%          1    None
c - Confuse               Hex            #####...     1%          3    #......
d - Dazzling Spray        Conj/Hex       ####....     3%          3    #......


Dungeon Overview and Level Annotations

Branches:
Dungeon (13/15)            Temple (1/1) D:6            Lair (6/8) D:10
 Shoals (0/4) Lair:4       Spider (0/4) Lair:6          Orc (0/2) D:11
  Slime: Lair:6-8    Vaults: D:13-14

Altars:
Ashenzari
Cheibriados
Dithmenos
Elyvilon
Fedhas
Gozag
Kikubaaqudgha
Makhleb
Nemelex Xobeh
Okawaru
Pakellas
Qazlal
Ru
Sif Muna
Trog
Vehumet
Xom
Yredelemnul
Zin
The Shining One

Shops:
D:9 *

Annotations:
Lair:6 Josephine


Innate Abilities, Weirdness & Mutations

You are tiny and cannot use many weapons and most armour.
You have supernaturally acute eyesight.
You are a herbivore.
You cover ground extremely quickly.
You need consume almost no food.


Message History

Confirm with . or Enter, or press ? or * to list all spells.
Aiming: Confuse
Press: ? - help, Shift-Dir - straight line, f - wraith
Aim: a wraith (chance to defeat MR: 37%)
The wraith appears confused.
Josephine gestures at you while chanting.
The ghostly flame explodes!
The ghostly fireball engulfs the wraith. x2
The ghostly fireball engulfs Josephine.
Josephine partially resists.
The ghostly fireball engulfs you!
You catch the helpless wraith completely off-guard!
You spit the wraith like a pig!!! You burn the wraith!
You destroy the wraith!
Josephine gestures at you while chanting.
The ghostly flame explodes!
The ghostly fireball engulfs the wraith.
The ghostly fireball engulfs Josephine.
Josephine partially resists.
The ghostly fireball engulfs you!
You die...
Kikubaaqudgha rasps: "You have failed me!
Welcome... death!"

*,,,,,,,....#....P[#.....#......
*,,,,,,,........................
*,,,,,,,..............#.........
*,*,...,#.*#....................
***..<.##.*####......###........
*,#......##P#.....P#.##P..P....
**,#......P.W.@#########..#....
*,,#........#W# ###...##
****#....Wr##@# ######
######P...P..### ##
#........WW### #. #.......@.#.#
#. *#..P..††.### #. ##P.P....#
## ##.#.†.## #. #.*#..## ##
#**####


You could see Josephine and a wraith.

Vanquished Creatures
  Rupert (Lair:4)
  2 hydras
  A minotaur (Lab)
  Harold (Lair:2)
  A catoblepas (Lair:4)
  Erica (D:8)
  An ice dragon (Lair:6)
  2 centaur warriors
  A tengu warrior (D:12)
  Nergalle (Lair:1)
  The ghost of stickyfingers the Spear-Bearer, a novice NaSk of Nemelex Xobeh (D:7)
  2 unseen horrors
  3 hill giants
  Pikel (D:8)
  2 deep elf magi
  An ugly thing (D:12)
  The ghost of bollicks1999 the Covert, a novice OpAs (D:5)
  2 cyclopes
  The ghost of Sl000nik the Skirmisher, a novice GrFi of Okawaru (D:6)
  4 elephants (Lair:4)
  A centaur zombie (D:12)
  A black mamba (Lair:4)
  Psyche (D:8)
  Joseph (D:9)
  5 gargoyles
  7 spiny frogs
  A centaur skeleton (D:13)
  2 komodo dragons (Lair:2)
  3 rime drakes
  4 trolls
  2 polar bears (Lair:6)
  4 jumping spiders (Lair:6)
  A two-headed ogre (D:8)
  5 blink frogs (Lair:5)
  Sigmund (D:3)
  A redback (Lair:6)
  A wraith (Lair:6)
  43 yaks
  A shadow (D:12)
  4 basilisks
  3 wyverns
  A vampire (D:12)
  11 hippogriffs
  2 fire bats (Lair:4)
  6 hungry ghosts
  A mottled dragon (D:13)
  Edmund (D:6)
  3 wargs (D:10)
  6 porcupines
  5 water moccasins
  9 ice beasts
  An orc warrior (D:11)
  2 sky beasts
  4 slaves (D:8)
  An eye of draining (D:10)
  A black bear (Lair:1)
  5 necrophages
  9 wolves
  5 ogres
  The ghost of Sl000nik the Skirmisher, an amateur GrFi (D:4)
  6 centaurs
  7 crocodiles
  An elf zombie (Ossuary)
  9 giant frogs
  5 scorpions
  10 killer bees
  16 wights
  6 electric eels
  6 howler monkeys
  2 crimson imps
  2 quasits
  2 giant frog zombies
  5 hounds
  3 jellies
  A human zombie (Ossuary)
  2 orc priests
  2 giant frog skeletons
  13 orc wizards
  9 iguanas
  9 worker ants
  5 hell rats (Lair:6)
  15 sheep
  4 big kobold zombies (Ossuary)
  4 hound zombies
  3 hound skeletons
  5 mummies
  2 howler monkey zombies
  7 gnolls
  16 river rats
  7 adders
  4 shadow imps
  An ooze (D:3)
  2 adder zombies (Ossuary)
  5 worms
  A dart slug (D:2)
  4 giant geckos
  45 orcs
  3 ball pythons
  6 bats
  5 giant cockroaches
  5 goblins
  11 hobgoblins
  10 jackals
  8 kobolds
  6 quokkas
  A giant gecko skeleton (D:7)
  2 giant gecko zombies
  8 giant newts
  5 goblin zombies (Ossuary)
  3 hobgoblin zombies (Ossuary)
  4 jackal zombies (Ossuary)
  3 kobold zombies (Ossuary)
  An orc zombie (Ossuary)
  A quokka skeleton (D:7)
  2 quokka zombies
  25 rats
  6 rat zombies (Ossuary)
  A butterfly (Lair:4)
  A fungus (Lair:1)
  A plant (Lair:1)
560 creatures vanquished.

Vanquished Creatures (others)
  An ugly thing (D:12)
  A porcupine (Lair:1)
  2 fungi (Lair:4)
  A plant (Lair:3)
5 creatures vanquished.

Grand Total: 565 creatures vanquished

Notes
Turn   | Place    | Note
--------------------------------------------------------------
     0 | D:1      | varam the Spriggan Enchanter began the quest for the Orb.
     0 | D:1      | Reached XP level 1. HP: 9/9 MP: 5/5
   292 | D:1      | Reached XP level 2. HP: 13/13 MP: 4/6
   669 | D:1      | Reached skill level 5 in Stealth
   673 | D:1      | Learned a level 2 spell: Ensorcelled Hibernation
   968 | D:2      | Reached XP level 3. HP: 16/16 MP: 2/8
  1760 | D:2      | Reached skill level 6 in Stealth
  2189 | D:3      | Reached XP level 4. HP: 21/21 MP: 6/9
  2213 | D:3      | Noticed Sigmund
  2219 | D:3      | Killed Sigmund
  2219 | D:3      | Reached skill level 7 in Stealth
  2219 | D:3      | Reached XP level 5. HP: 24/24 MP: 6/10
  2334 | D:3      | HP: 1/24 [poisoned by an adder]
  2667 | D:3      | Learned a level 3 spell: Confuse
  2671 | D:3      | Learned a level 3 spell: Dazzling Spray
  2707 | D:3      | Noticed an ogre
  2709 | D:3      | Killed an ogre
  2709 | D:3      | Reached skill level 5 in Short Blades
  2709 | D:3      | Reached skill level 8 in Stealth
  2709 | D:3      | Reached XP level 6. HP: 28/28 MP: 5/11
  4071 | D:4      | Reached skill level 5 in Hexes
  4077 | D:4      | Reached XP level 7. HP: 32/32 MP: 3/13
  4203 | D:4      | Noticed Sl000nik's ghost (amateur GrFi)
  4227 | D:5      | Entered Level 5 of the Dungeon
  4347 | D:5      | Noticed bollicks1999's ghost (novice OpAs)
  4382 | D:5      | Killed bollicks1999's ghost
  4673 | D:6      | Noticed Edmund
  4680 | D:6      | Killed Edmund
  4680 | D:6      | Reached XP level 8. HP: 30/37 MP: 16/16
  4690 | D:6      | Found a sand-covered staircase.
  4695 | Ossuary  | Entered an ossuary
  4993 | Ossuary  | Reached skill level 1 in Fighting
  5473 | D:6      | Found a staircase to the Ecumenical Temple.
  5482 | Temple   | Entered the Ecumenical Temple
  5535 | Temple   | Became a worshipper of Kikubaaqudgha
  5669 | D:5      | Reached skill level 5 in Dodging
  5924 | D:4      | Killed Sl000nik's ghost
  6066 | D:4      | Got a scorched blowgun
  6067 | D:4      | Identified the cursed +0 blowgun "Caentuak" {speed, Int+3 Stlth+} (You found it on level 4 of the Dungeon)
  6237 | D:5      | Found a sparkling altar of Nemelex Xobeh.
  6513 | D:5      | Found an opulent altar of Gozag.
  6909 | D:6      | Reached * piety under Kikubaaqudgha
  6909 | D:6      | Received a gift from Kikubaaqudgha
  6910 | D:6      | Identified Kikubaaqudgha's Papyrus of Sinister Magic (Kikubaaqudgha gifted it to you on level 6 of the Dungeon)
  7023 | D:6      | Reached XP level 9. HP: 36/44 MP: 17/17
  7034 | D:6      | Found a shadowy altar of Dithmenos.
  7047 | D:6      | Noticed Sl000nik's ghost (novice GrFi)
  7065 | D:6      | Killed Sl000nik's ghost
  7065 | D:6      | Reached skill level 9 in Stealth
  7670 | D:7      | Noticed stickyfingers's ghost (novice NaSk)
  7677 | D:7      | Killed stickyfingers's ghost
  7677 | D:7      | Reached skill level 10 in Stealth
  7852 | D:7      | Found a shattered altar of Ashenzari.
  7856 | D:7      | Found a burning altar of Makhleb.
  7856 | D:7      | Found a snail-covered altar of Cheibriados.
  7856 | D:7      | Found a sacrificial altar of Ru.
  7857 | D:7      | Found a white marble altar of Elyvilon.
  7860 | D:7      | Reached ** piety under Kikubaaqudgha
  7888 | D:7      | Reached skill level 11 in Stealth
  8077 | D:7      | Reached skill level 5 in Spellcasting
  8120 | D:7      | Reached XP level 10. HP: 49/49 MP: 18/18
  8367 | D:8      | Noticed Pikel
  8643 | D:8      | Noticed Erica
  8651 | D:8      | Killed Erica
  8651 | D:8      | Reached skill level 12 in Stealth
  8843 | D:8      | Noticed Psyche
  8846 | D:8      | Killed Psyche
  9086 | D:8      | Noticed a lindwurm
  9142 | D:8      | Noticed a lindwurm
  9193 | D:8      | Killed Pikel
  9193 | D:8      | Reached skill level 5 in Fighting
  9309 | D:9      | Noticed Joseph
  9311 | D:9      | Killed Joseph
  9369 | D:9      | Found Biblonk's General Store.
  9796 | D:9      | Reached XP level 11. HP: 46/56 MP: 11/22
 10145 | D:10     | Entered Level 10 of the Dungeon
 10165 | D:10     | Reached *** piety under Kikubaaqudgha
 10165 | D:10     | Received a gift from Kikubaaqudgha
 10166 | D:10     | Identified Kikubaaqudgha's Papyrus of Black Rituals (Kikubaaqudgha gifted it to you on level 10 of the Dungeon)
 10215 | D:10     | Found a staircase to the Lair.
 10847 | D:10     | Noticed a hill giant
 10850 | D:10     | Killed a hill giant
 10850 | D:10     | Reached skill level 10 in Short Blades
 10910 | D:10     | Found a shadowy altar of Dithmenos.
 11091 | D:10     | Reached skill level 10 in Hexes
 11421 | D:11     | Found a staircase to the Orcish Mines.
 11642 | D:11     | Found a bloodstained altar of Trog.
 11696 | D:11     | Noticed a hill giant
 11702 | D:11     | Reached **** piety under Kikubaaqudgha
 11724 | D:11     | Killed a hill giant
 12245 | D:11     | Noticed an unseen horror
 12352 | D:11     | Killed an unseen horror
 12352 | D:11     | Reached skill level 10 in Dodging
 12601 | D:12     | Killed a purple ugly thing
 12653 | D:12     | Got an ivory short sword
 12654 | D:12     | Identified the cursed +1 short sword of Freehold {drain, +Rage +Fly Str+4} (You found it on level 12 of the Dungeon)
 12683 | D:12     | Reached skill level 13 in Stealth
 12695 | D:12     | Found a labyrinth entrance.
 12711 | Lab      | Entered a labyrinth
 12781 | Lab      | Noticed a minotaur
 12797 | Lab      | Killed a minotaur
 13172 | Lab      | Reached XP level 12. HP: 42/62 MP: 20/23
 13538 | D:12     | Noticed a tengu warrior
 13836 | Lair:1   | Entered Level 1 of the Lair of Beasts
 13972 | Lair:1   | Reached skill level 14 in Stealth
 14393 | D:12     | Killed a tengu warrior
 15106 | D:12     | Reached ***** piety under Kikubaaqudgha
 15116 | D:13     | Noticed a centaur warrior
 15116 | D:13     | Noticed a five-headed hydra
 15127 | D:12     | Killed a centaur warrior
 15127 | D:12     | Reached skill level 15 in Stealth
 15382 | D:13     | Killed a five-headed hydra
 15382 | D:13     | Reached skill level 15 in Dodging
 15538 | D:13     | Noticed a centaur warrior
 15556 | D:13     | Killed a centaur warrior
 15816 | Lair:1   | Noticed Nergalle
 15828 | Lair:1   | Killed Nergalle
 16163 | Lair:1   | Reached XP level 13. HP: 41/65 MP: 24/24
 16718 | Lair:2   | Noticed Harold
 16725 | Lair:2   | Killed Harold
 16725 | Lair:2   | Reached skill level 16 in Stealth
 18060 | Lair:3   | Reached skill level 1 in Necromancy
 18456 | Lair:4   | Noticed Rupert
 18473 | Lair:4   | Paralysed by Rupert for 7 turns
 18883 | Lair:4   | Found a staircase to the Shoals.
 19185 | Lair:5   | Reached skill level 17 in Stealth
 19459 | Lair:4   | Killed Rupert
 20860 | Lair:6   | Found a frozen archway.
 20890 | Lair:6   | Reached ****** piety under Kikubaaqudgha
 20980 | IceCv    | Entered an ice cave
 21037 | IceCv    | Reached skill level 18 in Stealth
 21549 | Lair:6   | Found a hole to the Spider Nest.
 21579 | Lair:6   | Reached skill level 5 in Necromancy
 21581 | Lair:6   | Reached XP level 14. HP: 59/74 MP: 25/25
 21642 | Lair:6   | Noticed Josephine
 21667 | Lair:6   | Killed from afar by Josephine

Vault maps used:
D:1:      dpeg_arrival_line_fractal
D:2:      first_bread, hangedman_decor_peaks_small
D:3:      uniq_sigmund
D:5:      grunt_gozag_statues, nemelex_xobeh_ov_fountains_minmay,
          hangedman_abyss_or_decor_passed, hangedman_decor_opposing,
          kennysheep_nub
D:6:      kennysheep_mini_moat, temple_fountains, enter_ossuary_5,
          dk_rats_in_the_wall, uniq_edmund
D:7:      grunt_temple_overflow_open, serial_undead, serial_undead_e,
          serial_undead_f, serial_undead_c, serial_undead_f, serial_undead_a,
          serial_undead_e, minmay_misc_feat_nine_boxes, grunt_ogre_cave,
          minmay_misc_feat_tiny
D:8:      grunt_ministairs_13, minmay_lindwurm_lava, uniq_psyche, uniq_pikel,
          uniq_erica
D:9:      serial_shops, shop, uniq_joseph
D:10:     erik_lair_orcish_takeover, minmay_holes,
          nicolae_dithmenos_through_a_glass_darkly
D:11:     orc_0_dummy, basic_altar
D:12:     lab_entry_generic, lemuel_flame_loot_1
D:13:     grunt_vaults_entry_tiered
Temple:   triangle_lava_temple_12
Lair:1:   wad_woods_river_01, uniq_nergalle
Lair:2:   uniq_harold
Lair:3:   minivault_11, disabler_island
Lair:4:   elwin_shoals_entry_rocks, lemuel_fruit_fields, uniq_rupert
Lair:5:   serial_bayou_shore_a, grunt_megastairs_2
Lair:6:   nicolae_spider_entry_tight_spaces,
          portal_ice_cave_entry_animals_and_master, columned_hall_lemuel,
          uniq_josephine, uniq_kirke
Lab:      labyrinth_watery, nicolae_lab_plus, nicolae_lab_arrow,
          nicolae_lab_t_cross, labyrinth_glass_1, nicolae_lab_statue,
          nicolae_lab_lava, nicolae_lab_very_dead_end, nicolae_lab_swirl,
          lab_statue, nicolae_lab_flowing_pool, nicolae_lab_grate_2
Ossuary:  minmay_ossuary_two_tombs
IceCv:    ice_cave_statue_garden_02

Skill      XL: |  1  2  3  4  5  6  7  8  9 10 11 12 13 |
---------------+----------------------------------------+-----
Short Blades   | 2 3 4 5 8 10 | 10.9
Stealth        | 5 6 7 8 11 12 13 15 18 | 18.0
Hexes          | 5 7 8 9 10 | 10.4
Spellcasting   | 3 4 5 6 |  6.8
Fighting       | 3 6 8 |  8.7
Dodging        | 7 9 11 15 | 15.9
Necromancy     | 5 |  5.1

Action                   |  1- 3 |  4- 6 |  7- 9 | 10-12 | 13-15 || total
-------------------------+-------+-------+-------+-------+-------++-------
Melee: Dagger            |    90 |   114 |   446 |   613 |   392 ||  1655
       Hand axe          |       |     1 |       |       |       ||     1
 Cast: Corona            |    12 |     5 |     1 |       |     1 ||    19
       Ensorcelled Hiber |    19 |    10 |     4 |       |       ||    33
       Confuse           |       |    21 |   104 |   244 |   107 ||   476
       Dazzling Spray    |       |       |     2 |       |    14 ||    16
Evoke: Wand              |       |       |     6 |     2 |     6 ||    14
  Use: Scroll            |       |     5 |     3 |    12 |     2 ||    22
       Potion            |       |       |       |     1 |     1 ||     2
 Stab: Sleeping          |    30 |    22 |    27 |    37 |    39 ||   155
       Confused          |       |    10 |    76 |   140 |    55 ||   281
       Distracted        |       |       |     1 |     2 |       ||     3
       Petrifying        |       |       |       |     3 |     3 ||     6
       Paralysed         |       |       |       |     3 |     2 ||     5
       Invisible         |       |       |       |       |     4 ||     4
       Petrified         |       |       |       |       |     2 ||     2
  Eat: Bread ration      |     1 |       |     2 |     2 |     1 ||     6
       Fruit             |       |       |     2 |       |       ||     2
Armor: Robe              |     9 |    11 |    10 |    20 |     8 ||    58
Dodge: Dodged            |    54 |    88 |   143 |   254 |   224 ||   763
